Map: Bel'Shir Vestige LE (Void)

Players

alpha

  • Race: Protoss Protoss
  • League: Diamond
  • Spawn Location: 5:00

Musumeci - Winner!

  • Race: Zerg Zerg
  • League: Diamond
  • Spawn Location: 11:00

VOD

Have the link to the VOD?

Description

Time

  • Played on: Feb. 15, 2017, 4:45 a.m.
  • Length: 3:59
Show
View Real Time Build Order
Export as new Build Order

alpha Protoss 

Build Orders:  

Get SALT Encoding   

  12  0:01  Probe (Chrono Boost)  
  13  0:12  Probe (Chrono Boost)  
  14  0:19  Pylon  
  14  0:23  Probe (Chrono Boost)  
  15  0:37  Probe (Chrono Boost)  
  15  0:40  Gateway  
  16  0:47  Assimilator  
  16  0:48  Probe (Chrono Boost)  
  17  0:58  Probe (Chrono Boost)  
  17  1:04  Pylon  
  18  1:09  Probe (Chrono Boost)  
  19  1:25  Pylon  
  19  1:31  Gateway, Cybernetics Core  
  19  1:38  Zealot  
  21  1:46  Probe (Chrono Boost)  
  22  1:57  Probe (Chrono Boost)  
  22  1:59  Gateway  
  23  2:11  Mothership Core (Chrono Boost)  
  24  2:43  Pylon  
  24  2:44  Pylon  
  24  2:46  Forge, Zealot  
  11  3:49  Pylon  
Show
View Real Time Build Order
Export as new Build Order

Musumeci Zerg - Winner!

Build Orders: Pool First 

Get SALT Encoding   

  12  0:01  Drone  
  13  0:12  Drone  
  14  0:15  Extractor  
  14  0:16  Drone  
  15  0:35  Spawning Pool  
  15  0:38  Drone, Extractor  
  15  0:44  Overlord  
  15  1:14  Hatchery  
  14  1:22  Zergling x6  
  17  1:46  Hatchery  
  16  1:51  Zergling x2  
  17  2:01  Zergling x4  
  19  2:25  Queen  
  19  2:26  Zergling x2  
  21  2:40  Zergling x2  
  21  2:51  Zergling x2  
  20  2:58  Zergling x2  
  20  2:59  Queen, Zergling x2  
  24  3:12  Zergling x2  
  20  3:30  Zergling x2  
  20  3:31  Zergling x4  
  20  3:32  Zergling x4  
Tags
 
Add a new tag
Caveats
  • Supply blocks, unpowered buildings, or Contaminate may cause inaccurate times.
  • Supply counts are checked every 10 seconds.